 Dungeon Crawl Stone Soup version 0.20-a0-1116-gaa52201 (webtiles) character file.

85250 Lochraine the Lord of Darkness (level 15, -7/126 HPs)
             Began as a Green Draconian Fire Elementalist on May 7, 2017.
             Was the Champion of Kikubaaqudgha.
             Hit by a large rock thrown by a stone giant (26 damage)
             ... on level 1 of the Orcish Mines.
             The game lasted 02:02:36 (31303 turns).

Lochraine the Lord of Darkness (DrFE)              Turns: 31303, Time: 02:02:37

Health: -7/126     AC: 15    Str: 12    XL:     15   Next: 37%
Magic:  18/28      EV: 18    Int: 21    God:    Kikubaaqudgha [******]
Gold:   1195       SH:  7    Dex: 14    Spells: 5/33 levels left

rFire    . . .     SeeInvis .   a - +9 sword of Zonguldrok {reap}
rCold    x . .     Gourm    .   F - +2 buckler
rNeg     + . .     Faith    .   (armour unavailable)
rPois    +         Spirit   .   G - +0 hat {Int+3}
rElec    .         Reflect  .   N - scarf of Bemooc {rC- rN+ Regen+}
rCorr    .         Harm     .   P - +2 pair of gloves
MR       ++...                  g - +2 pair of boots
Stlth    ++........             D - amulet of magic regeneration
Regen    0.8/turn               I - ring of protection from magic
MPRegen  0.4/turn               k - ring of wizardry

@: short of breath, death channel
A: breathe noxious fumes, unfitting armour, stinger 1, poison resistance,
screaming 1, cold-blooded, AC +9
a: Breathe Noxious Fumes, Receive Corpses, Torment, Brand Weapon With Pain,
Receive Necronomicon, Renounce Religion


You were on level 1 of the Orcish Mines.
You worshipped Kikubaaqudgha.
Kikubaaqudgha was exalted by your worship.
You were not hungry.

You visited 3 branches of the dungeon, and saw 23 of its levels.
You also visited: Labyrinth and Bailey.

You collected 1854 gold pieces.
You spent 659 gold pieces at shops.

Inventory:

Hand Weapons
 a - the +9 sword of Zonguldrok (weapon) {reap}
   (You took it off an orc warrior on level 12 of the Dungeon)

   If a monster killed with it leaves a corpse in good enough shape, the corpse
   will be animated as a zombie friendly to the killer.
 b - the +10 long sword of the Sky {slice, *Slow Int+7 Dex-5}
   (You bought it in a shop on level 11 of the Dungeon)

   It inflicts extra damage upon your enemies.
   It affects your intelligence (+7).
   It affects your dexterity (-5).
   It may slow you when you take damage.
 m - the +1 demon blade "Cutisyil" {freeze, +Blink rElec rF- SInv}
   (You took it off a centaur warrior on level 12 of the Dungeon)

   It has been specially enchanted to freeze those struck by it, causing extra
   injury to most foes and up to half again as much damage against particularly
   susceptible opponents.
   It can also slow down cold-blooded creatures.
   It makes you vulnerable to fire.
   It insulates you from electricity.
   It lets you see invisible.
   It lets you blink.
 M - the +1 great sword of Freehold {flame, rF+ rC+}
   (You took it off a minotaur in a labyrinth)

   It has been specially enchanted to burn those struck by it, causing extra
   injury to most foes and up to half again as much damage against particularly
   susceptible opponents.
   Big, fiery blades are also staple armaments of hydra-hunters.
   It protects you from fire.
   It protects you from cold.
Armour
 g - a +2 pair of boots (worn)
 F - a +2 buckler (worn)
 G - a +0 hat of intelligence (worn)
 N - the scarf of Bemooc (worn) {rC- rN+ Regen+}
   (You found it on level 12 of the Dungeon)

   It makes you vulnerable to cold.
   It protects you from negative energy.
   It increases your rate of regeneration.
 P - a +2 pair of gloves (worn)
 W - a +2 cloak
Jewellery
 f - an uncursed ring of magical power
 i - an uncursed ring of flight
 k - a ring of wizardry (right hand)
 A - the ring of Xilay {rC+ Str+3 Dex+5}
   (You found it in a labyrinth)

   [ring of strength]

   It affects your strength (+3).
   It affects your dexterity (+5).
   It protects you from cold.
 D - an amulet of magic regeneration (around neck)
 I - a ring of protection from magic (left hand)
 S - an uncursed ring of fire
Wands
 y - a wand of confusion (28/48)
 K - a wand of lightning (7/15)
 T - a wand of digging (17/24)
 V - a wand of digging (9/24)
 Y - a wand of iceblast (4/15)
 Z - a wand of paralysis (2/24)
Scrolls
 o - 10 scrolls of fog
 p - 8 scrolls of identify
 t - 7 scrolls of teleportation
 v - a scroll of remove curse
 z - 8 scrolls of magic mapping
 C - 2 scrolls of silence
 J - 3 scrolls of recharging
 L - a scroll of fear
 O - a scroll of summoning
 U - 2 scrolls of amnesia
Potions
 d - a potion of cancellation
 e - 3 potions of ambrosia
 j - a potion of brilliance
 l - a potion of agility
 q - 4 potions of curing
 r - a potion of berserk rage
 s - a potion of resistance
 u - a potion of magic
 w - a potion of mutation
 B - a potion of haste
 R - a potion of might
Books
 x - a book of Death

   Spells                             Type                      Level
   a - Corpse Rot                     Necromancy                   2
   b - Sublimation of Blood           Necromancy                   2
   c - Agony                          Necromancy                   5
   d - Dispel Undead                  Necromancy                   5
   e - Excruciating Wounds            Charms/Necromancy            5
   f - Bolt of Draining               Conjuration/Necromancy       5
 H - Kikubaaqudgha's Handbook of Necromancy
   (Kikubaaqudgha gifted it to you on level 7 of the Dungeon)

   Spells                             Type                      Level
   a - Animate Skeleton               Necromancy                   1
   b - Corpse Rot                     Necromancy                   2
   c - Sublimation of Blood           Necromancy                   2
   d - Vampiric Draining              Necromancy                   3
   e - Control Undead                 Necromancy                   4
 Q - Kikubaaqudgha's Papyrus of Evil
   (Kikubaaqudgha gifted it to you on level 10 of the Dungeon)

   Spells                             Type                      Level
   a - Excruciating Wounds            Charms/Necromancy            5
   b - Agony                          Necromancy                   5
   c - Cigotuvi's Embrace             Necromancy                   5
   d - Dispel Undead                  Necromancy                   5
   e - Death Channel                  Necromancy                   6
 X - a book of Annihilations

   Spells                             Type                      Level
   a - Poison Arrow                   Conjuration/Poison           6
   b - Chain Lightning                Conjuration/Air              8
   c - Lehudib's Crystal Spear        Conjuration/Earth            8
   d - Glaciate                       Conjuration/Ice              9
   e - Fire Storm                     Conjuration/Fire             9
Miscellaneous
 n - a fan of gales
Comestibles
 c - 10 bread rations
 h - 43 fruits
 E - 4 chunks of flesh


   Skills:
 + Level 9.9 Fighting
 * Level 11.5 Long Blades
   Level 4.3 Maces & Flails
 + Level 9.2 Dodging
 - Level 2.7 Stealth
 - Level 4.1 Shields
 + Level 9.7 Spellcasting
 - Level 9.4 Conjurations
 + Level 11.8 Necromancy
 - Level 6.9 Fire Magic
 - Level 9.6 Poison Magic
 - Level 2.0 Evocations


You had 5 spell levels left.
You knew the following spells:

 Your Spells              Type           Power        Failure   Level  Hunger
a - Flame Tongue          Conj/Fire      #####        1%          1    None
b - Throw Flame           Conj/Fire      #####.       1%          2    None
c - Conjure Flame         Conj/Fire      #####...     1%          3    None
d - Sticky Flame          Conj/Fire      #####...     1%          4    ##.....
e - Poisonous Vapours     Pois/Air       ####..       1%          2    None
f - Olgreb's Toxic Radia  Pois           ######..     1%          4    ##.....
g - Bolt of Draining      Conj/Necr      ######....   1%          5    ####...
h - Death Channel         Necr           ######....   3%          6    ######.
z - Animate Skeleton      Necr           N/A          1%          1    None


Dungeon Overview and Level Annotations

Branches:
Dungeon (15/15)            Temple (0/1) D:7            Lair (6/6) D:11
 Shoals (0/4) Lair:3        Snake (0/4) Lair:2        Slime (0/5) Lair:6
    Orc (2/2) D:12         Vaults (0/5) D:13         Depths (0/5) D:15
    Elf: Orc:2

Altars:
Ashenzari
Fedhas
Gozag
Hepliaklqana
Kikubaaqudgha
Nemelex Xobeh
Okawaru
Ru
Sif Muna
Uskayaw
Xom
Yredelemnul
Zin

Shops:
D:4 *   D:5 ?   D:7 !   D:11 ([*}*   D:14 }

Annotations:
D:2 1 runed door
D:8 kraktruk's ghost, novice DrMo


Innate Abilities, Weirdness & Mutations

You can breathe blasts of noxious fumes.
Your lurid green scales are hard. (AC +9)
You cannot fit into any form of body armour.
Your tail ends in a poisonous barb.
Your system is resistant to poisons. (rPois)
You are cold-blooded and may be slowed by cold attacks.
You occasionally shout uncontrollably at your foes.


Message History

The warg is severely wounded.
The warg is covered in liquid flames!
The stone giant burns!
The warg burns!
You block the warg's attack. The stone giant hits you!!
* * * LOW HITPOINT WARNING * * *
The stone giant burns!
The warg burns!
The warg barely misses you.
The stone giant throws a large rock.
The large rock hits you!!
* * * LOW HITPOINT WARNING * * *
You block the warg's attack.
You see here a large rock.
Okay, then.
As you read the scroll of fear, it crumbles to dust.
You assume a fearsome visage.
The stone giant resists with almost no effort.
The warg looks frightened!
The stone giant burns!
The warg burns!
You kill the warg!
Kikubaaqudgha accepts your kill.
A glowing mist starts to gather...
The stone giant throws a large rock.
The large rock hits you!!
You die...
Kikubaaqudgha rasps: "You have failed me!
Welcome... death!"

##........##.#.#...
#..........###[[[[
####.[.[#....###..).
###.......##....#[[.#[
#......)#####...)[.###
###Z....<.###...(...#.
#C.......#..[..(....
##>.............[...
##@#..........#....
###.............)[
#.......##.##...
###^...######.).
#...## ##.).[ ##.##
###..... ### ##.......
##.......# #........#


You could see a stone giant (burning) and a friendly spectral warg (wandering).

Vanquished Creatures
  Rupert (Lair:4)
  Kirke (Lair:5)
  Frances (D:12)
  Agnes (D:14)
  A stone giant (D:12)
  Nessos (D:13)
  Josephine (Orc:1)
  A minotaur (Lab)
  A fire dragon (D:15)
  The ghost of namelastname112 the Grappler, a journeyman DrMo of Wu Jian (D:11)
  The ghost of George the Carver, a journeyman DsFi of Makhleb (D:11)
  4 hydras
  8 centaur warriors
  2 two-headed ogres
  5 death yaks
  Nergalle (Lair:2)
  A deep elf knight (D:12)
  4 unseen horrors
  2 orc knights
  14 deep elf magi
  2 cyclopes
  2 manticores
  An oklob plant (D:11)
  2 elephants (Lair:4)
  3 black mambas (Lair:2)
  A guardian serpent (shapeshifter) (D:13)
  6 centaur skeletons
  2 gargoyles
  2 torpor snails (Lair:6)
  9 spiny frogs
  2 kobold demonologists (D:12)
  3 rime drakes (Lair:5)
  4 komodo dragons
  A redback zombie (D:13)
  6 trolls
  A tengu conjurer (D:14)
  A harpy zombie (D:15)
  9 polar bears (Lair:6)
  3 raiju (Lair:6)
  A wind drake (shapeshifter) (D:15)
  2 slime creatures (Lair:6)
  7 dream sheep
  4 hippogriffs
  13 blink frogs
  2 shadows
  A water elemental (D:14)
  A vampire (D:10)
  6 wraiths
  23 yaks
  3 wyverns
  9 hungry ghosts
  11 humans
  6 vampire mosquitoes
  2 hogs (Lair:5)
  A steam dragon (D:8)
  6 wargs
  An acid dragon (D:14)
  13 water moccasins
  12 hell hounds (Lair:6)
  10 porcupines
  A porcupine (shapeshifter) (D:15)
  A hornet zombie (D:9)
  8 black bears (Lair:6)
  2 ice beasts
  4 sky beasts
  25 orc warriors
  3 phantoms
  A necrophage (D:9)
  16 centaurs
  5 ogres
  8 crocodiles
  16 wolves
  Blork the orc (D:6)
  7 big kobolds
  14 bullfrogs
  A wyvern zombie (D:13)
  A scorpion (D:9)
  An electric eel (D:14)
  10 wights (D:14)
  3 howler monkeys
  2 centaur zombies
  8 crimson imps
  A quasit (D:12)
  3 hounds
  A bullfrog skeleton (D:8)
  A bullfrog zombie (D:11)
  9 orc priests
  3 jellies
  2 iguanas
  11 orc wizards
  Natasha (twice) (D:3)
  14 worker ants
  2 hound skeletons
  A howler monkey skeleton (D:4)
  13 adders
  7 gnolls
  6 shadow imps
  An ooze (D:1)
  2 adder skeletons
  4 worms
  2 dart slugs (D:1)
  5 leopard geckos
  57 orcs
  2 giant cockroaches (D:2)
  15 goblins
  8 hobgoblins
  7 jackals
  28 kobolds
  5 quokkas
  A ball python (D:4)
  10 bats
  3 frilled lizards
  A jackal skeleton (D:4)
  8 rats
  A plant (D:11)
620 creatures vanquished.

Vanquished Creatures (collateral kills)
  2 ice dragons (D:15)
  A centaur warrior (D:15)
  A deep elf archer (Bailey)
  An orc knight (D:12)
  A black mamba (Lair:6)
  A centaur zombie (D:13)
  A gargoyle (D:15)
  A rime drake (Lair:6)
  A tengu conjurer (D:14)
  A kobold demonologist (D:15)
  A polar bear (Lair:6)
  5 slime creatures
  2 blink frogs (Lair:6)
  A dream sheep (Lair:6)
  2 hippogriffs
  A water elemental (D:14)
  7 yaks
  6 humans
  A vampire mosquito (D:14)
  2 hungry ghosts
  2 hell hounds (Lair:6)
  2 water moccasins (Lair:6)
  An orc warrior (D:12)
  A sky beast (D:12)
  3 black bears (Lair:6)
  An ogre (Orc:1)
  2 wolves (Lair:6)
  3 centaurs (D:14)
  A crocodile (Lair:6)
  A big kobold (D:14)
  A wyvern skeleton (D:14)
  A bullfrog zombie (D:13)
  A crimson imp (D:13)
  A quasit (D:9)
  An orc wizard (D:13)
  2 worker ants
  An adder (D:12)
  7 orcs
  5 kobolds
  3 fungi
79 creatures vanquished.

Vanquished Creatures (others)
  The ghost of MydosGodOfBeginnings the Reanimator, a novice DDNe of Sif Muna (D:7)
  A deep elf mage (Bailey)
  3 dream sheep (Lair:4)
  2 vampire mosquitoes (D:15)
  An acid dragon (D:15)
  A phantom (D:7)
  A bullfrog (D:7)
  A crimson imp (D:15)
  A worker ant (D:7)
  2 bushes (Lair:6)
  11 fungi
  11 plants (Lair:6)
36 creatures vanquished.

Grand Total: 735 creatures vanquished

Notes
Turn   | Place    | Note
-------+----------+-------------------------------------------
     0 | D:1      | Lochraine the Draconian Fire Elementalist began the quest for the Orb.
     0 | D:1      | Reached XP level 1. HP: 14/14 MP: 3/3
   348 | D:1      | Reached XP level 2. HP: 19/20 MP: 1/5
   870 | D:1      | Reached XP level 3. HP: 23/26 MP: 3/6
   937 | D:1      | Learned a level 2 spell: Throw Flame
  1910 | D:2      | Reached XP level 4. HP: 33/33 MP: 7/7
  2520 | D:2      | Found a runed door.
  2952 | D:3      | Noticed Natasha
  2956 | D:3      | Killed Natasha
  2956 | D:3      | Reached XP level 5. HP: 38/38 MP: 6/8
  2961 | D:3      | Learned a level 3 spell: Conjure Flame
  3136 | D:3      | Found an ancient bone altar of Kikubaaqudgha.
  3141 | D:3      | Found a sacrificial altar of Ru.
  3142 | D:3      | Found a blossoming altar of Fedhas.
  3144 | D:3      | Found a shattered altar of Ashenzari.
  3145 | D:3      | Found a deep blue altar of Sif Muna.
  3178 | D:3      | Became a worshipper of Kikubaaqudgha
  3785 | D:3      | Noticed Natasha
  3797 | D:3      | Killed Natasha
  4195 | D:4      | Noticed an ogre
  4204 | D:4      | Killed an ogre
  4204 | D:4      | Reached skill level 1 in Fighting
  4204 | D:4      | Reached XP level 6. HP: 47/47 MP: 4/9
  4311 | D:4      | Found Pasegag's Practical Paraphernalia.
  5558 | D:4      | Learned a level 4 spell: Sticky Flame
  5883 | D:5      | Entered Level 5 of the Dungeon
  5883 | D:5      | Noticed a hungry ghost
  6095 | D:5      | Killed a hungry ghost
  6095 | D:5      | Your scales start taking on a lurid green colour.
  6095 | D:5      | Reached XP level 7. HP: 56/56 MP: 5/10
  6095 | D:5      | Gained mutation: Your system is resistant to poisons. (rPois) [Green Draconian growth]
  6142 | D:5      | Found Heexoeck's Magic Scroll Boutique.
  6151 | D:5      | Bought a scroll of teleportation for 42 gold pieces
  6151 | D:5      | Bought a scroll of teleportation for 42 gold pieces
  6658 | D:6      | Noticed Blork the orc
  6664 | D:6      | Killed Blork the orc
  6664 | D:6      | Reached skill level 5 in Fire Magic
  6685 | D:6      | Reached skill level 1 in Shields
  6799 | D:7      | Noticed MydosGodOfBeginnings's ghost (novice DDNe)
  6955 | D:7      | Killed MydosGodOfBeginnings's ghost
  6996 | D:7      | Found a staircase to the Ecumenical Temple.
  7270 | D:7      | Found Kaamnet's Distillery.
  7278 | D:7      | Bought a potion of heal wounds for 65 gold pieces
  7385 | D:7      | Reached * piety under Kikubaaqudgha
  7385 | D:7      | Identified Kikubaaqudgha's Handbook of Necromancy (Kikubaaqudgha gifted it to you on level 7 of the Dungeon)
  7385 | D:7      | Received a gift from Kikubaaqudgha
  7385 | D:7      | Reached XP level 8. HP: 45/62 MP: 9/11
  7494 | D:7      | Learned a level 1 spell: Animate Skeleton
  7781 | D:7      | Reached skill level 5 in Conjurations
  7781 | D:7      | Reached skill level 1 in Necromancy
  8267 | D:8      | Found a glowing silver altar of Zin.
  8656 | D:8      | Found a hide-covered altar of Uskayaw.
  9034 | D:8      | Found a sparkling altar of Nemelex Xobeh.
  9160 | D:8      | Reached skill level 1 in Evocations
  9415 | D:8      | Noticed an angel
  9416 | D:8      | Found a shimmering altar of Xom.
  9483 | D:8      | Reached XP level 9. HP: 45/70 MP: 7/12
  9716 | D:8      | Reached ** piety under Kikubaaqudgha
  9987 | D:8      | Found an opulent altar of Gozag.
  9987 | D:8      | Found a hazy altar of Hepliaklqana.
  9988 | D:8      | Found a basalt altar of Yredelemnul.
 10011 | D:8      | Noticed kraktruk's ghost (novice DrMo)
 10300 | D:9      | Noticed a troll
 10344 | D:9      | Reached skill level 1 in Maces & Flails
 10364 | D:9      | Killed a troll
 10834 | D:9      | Learned a level 2 spell: Poisonous Vapours
 11005 | D:9      | Reached skill level 5 in Fighting
 11005 | D:9      | Reached skill level 1 in Poison Magic
 11249 | D:10     | Entered Level 10 of the Dungeon
 12003 | D:10     | Noticed an unseen horror
 12368 | D:10     | Reached *** piety under Kikubaaqudgha
 12368 | D:10     | Identified Kikubaaqudgha's Papyrus of Evil (Kikubaaqudgha gifted it to you on level 10 of the Dungeon)
 12368 | D:10     | Received a gift from Kikubaaqudgha
 12413 | D:10     | Reached skill level 5 in Necromancy
 12456 | D:10     | Killed an unseen horror
 12456 | D:10     | Reached skill level 5 in Dodging
 12456 | D:10     | Reached XP level 10. HP: 58/82 MP: 2/13
 12998 | D:10     | Noticed an unseen horror
 13001 | D:10     | Killed an unseen horror
 13112 | D:10     | HP: 3/83 [vampire (12)]
 13451 | D:11     | Found Lyse's Antique Weapon Emporium.
 13459 | D:11     | Bought a bloodstained long sword for 246 gold pieces
 13459 | D:11     | Identified the +10 long sword of the Sky {slice, *Slow Int+7 Dex-5} (You bought it in a shop on level 11 of the Dungeon)
 13822 | D:11     | Reached skill level 1 in Long Blades
 13883 | D:11     | Noticed George's ghost (journeyman DsFi)
 13896 | D:11     | Killed George's ghost
 13896 | D:11     | Reached skill level 5 in Poison Magic
 13916 | D:11     | Found Ixaezies's Gadget Emporium.
 13937 | D:11     | Found Muymiapre's General Store.
 13949 | D:11     | Found Wapo Jack's General Store.
 14084 | D:11     | Noticed namelastname112's ghost (journeyman DrMo)
 14417 | D:11     | Noticed an oklob plant
 14444 | D:11     | Found a staircase to the Lair.
 14524 | D:11     | Killed an oklob plant
 14656 | Lair:1   | Entered Level 1 of the Lair of Beasts
 14693 | Lair:1   | Noticed a five-headed hydra
 14708 | Lair:1   | Killed a five-headed hydra
 14708 | Lair:1   | Reached XP level 11. HP: 62/89 MP: 8/16
 15778 | Lair:2   | Learned a level 4 spell: Olgreb's Toxic Radiance
 16184 | Lair:2   | Found a staircase to the Snake Pit.
 16366 | Lair:2   | Reached skill level 5 in Spellcasting
 16412 | Lair:2   | Noticed Nergalle
 16417 | Lair:2   | Noticed a spectral orc warlord
 16423 | Lair:2   | Killed Nergalle
 16638 | Lair:2   | Reached **** piety under Kikubaaqudgha
 17244 | Lair:3   | Reached skill level 5 in Long Blades
 17297 | Lair:3   | Found a staircase to the Shoals.
 17934 | Lair:4   | Reached XP level 12. HP: 69/96 MP: 9/20
 18384 | Lair:4   | Noticed Rupert
 18532 | Lair:4   | Learned a level 5 spell: Bolt of Draining
 18704 | Lair:4   | Noticed a five-headed hydra
 18739 | Lair:4   | Killed Rupert
 18917 | Lair:4   | Found a shimmering altar of Xom.
 19069 | Lair:4   | Killed a five-headed hydra
 19727 | Lair:5   | Noticed Kirke
 19742 | Lair:5   | Killed Kirke
 20480 | Lair:5   | You fall through a shaft!
 20480 | Lair:6   | Entered Level 6 of the Lair of Beasts
 20484 | Lair:6   | Found a staircase to the Slime Pits.
 20731 | Lair:6   | Noticed a death yak
 20740 | Lair:6   | Killed a death yak
 20741 | Lair:6   | Noticed a death yak
 20741 | Lair:6   | Noticed a death yak
 20741 | Lair:6   | Noticed a death yak
 20743 | Lair:6   | Noticed a death yak
 20754 | Lair:6   | Killed a death yak
 20770 | Lair:5   | Killed a death yak
 20770 | Lair:5   | Reached XP level 13. HP: 67/103 MP: 6/23
 21334 | Lair:5   | Reached ***** piety under Kikubaaqudgha
 22375 | Lair:6   | Reached skill level 10 in Necromancy
 23571 | Lair:6   | Identified the Handbook of the Earthen Entourage
 24204 | D:11     | Found Dahate's Armour Shoppe.
 24210 | D:11     | Bought a +2 pair of boots for 264 gold pieces
 24361 | D:11     | Killed namelastname112's ghost
 24733 | D:12     | Found a labyrinth entrance.
 24738 | Lab      | Entered a labyrinth
 25141 | Lab      | Reached ****** piety under Kikubaaqudgha
 25519 | Lab      | Noticed a minotaur
 25530 | Lab      | Killed a minotaur
 25530 | Lab      | Gained mutation: Your tail ends in a poisonous barb. [Green Draconian growth]
 25530 | Lab      | Reached XP level 14. HP: 67/115 MP: 13/26
 25558 | Lab      | Got a dazzling great sword {flame}
 25568 | Lab      | Identified the Catalogue of the Equator
 25585 | Lab      | Got a steaming iron ring
 25587 | Lab      | Identified the ring of Xilay {rC+ Str+3 Dex+5} (You found it in a labyrinth)
 25605 | D:12     | Identified the cursed +1 great sword of Freehold {flame, rF+ rC+} (You took it off a minotaur in a labyrinth)
 25915 | D:12     | Found a staircase to the Orcish Mines.
 26265 | D:12     | Got an uncursed crystal demon blade {freeze}
 26269 | D:12     | Identified the +1 demon blade "Cutisyil" {freeze, +Blink rElec rF- SInv} (You took it off a centaur warrior on level 12 of the Dungeon)
 26385 | D:12     | Found an iron altar of Okawaru.
 27229 | D:12     | Got a smoking scarf
 27240 | D:12     | Identified the scarf of Bemooc {rC- rN+ Regen+} (You found it on level 12 of the Dungeon)
 27293 | D:13     | Found a gate to the Vaults.
 27293 | D:13     | Noticed Nessos
 27293 | D:13     | Noticed Frances
 27300 | D:12     | Gained mutation: You occasionally shout uncontrollably at your foes. [a neqoxec]
 27307 | D:12     | Killed Frances
 27663 | D:13     | Killed Nessos
 27795 | D:13     | Reached skill level 10 in Long Blades
 28345 | D:14     | Noticed Agnes
 28357 | D:14     | Killed Agnes
 28420 | D:14     | Found Xocoim's Gadget Shoppe.
 28636 | D:14     | Learned a level 6 spell: Death Channel
 29090 | D:15     | Entered Level 15 of the Dungeon
 29480 | D:15     | Reached XP level 15. HP: 107/125 MP: 17/28
 29623 | D:15     | Found a staircase to the Depths.
 30276 | Orc:1    | Entered Level 1 of the Orcish Mines
 30693 | Orc:1    | Noticed Josephine
 30704 | Orc:1    | Killed Josephine
 30806 | Orc:1    | Found a flagged portal.
 30930 | Bailey   | Entered a bailey
 31289 | Orc:2    | Entered Level 2 of the Orcish Mines
 31303 | Orc:1    | Hit by a large rock thrown by a stone giant

Vault maps used:
D:1:      lightli_arrival_noodles, minmay_misc_feat_enclosed, kennysheep_boxes
D:2:      first_bread, uniq_crazy_yiuf_cottage
D:3:      lemuel_crystal_altar, grunt_temple_overflow_open, uniq_natasha
D:4:      nicolae_alphabet_shops
D:5:      serial_shops, nicolae_shop_stone
D:6:      uniq_blork_the_orc, uniq_edmund
D:7:      lemuel_temple_firewalk_a, serial_shops, shop
D:8:      grunt_temple_overflow_order_and_chaos_1, lemuel_doored_altar,
          gammafunk_temple_overflow_claw, nemelex_xobeh_ov_fountains_minmay,
          blue_anna_alchemist, lightli_corner_chamber
D:11:     dpeg_oklobed_lair, serial_shops, shop_fountains, shop, shop, shop,
          shop
D:12:     evilmike_iron_armoury, erik_orc_4, lab_entry_generic,
          nrook_mini_backslash
D:13:     david_vaults_3, uniq_frances
D:14:     minivault_24, serial_glass, glass_columns_a, glass_columns_a,
          glass_columns_b, glass_columns_a, glass_columns_a, glass_columns_b,
          glass_columns_b, glass_columns_c, serial_shops, shop, uniq_agnes
D:15:     grunt_enter_depths_hoard, lemuel_freeze_loot_1
Lair:1:   serial_bayou_lagoon_b, serial_bayou_shore_a
Lair:2:   minmay_snake_entry_six_corridors, minmay_hedge_maze,
          grunt_megastairs_1, uniq_nergalle
Lair:3:   minmay_shoals_entry_beasts, nicolae_volcano_entry_hallway,
          grunt_megastairs_3
Lair:4:   kb_xom_exploding_sheep, lemuel_fruit_tree, uniq_rupert
Lair:5:   st_stairs_5, minmay_lair_drake_nest, uniq_kirke
Lair:6:   hangedman_lair_caniforms_friends, minmay_slime_entry_pillars
Orc:1:    enter_bailey_3, mines_bat_river, uniq_josephine
Orc:2:    st_orc_open, serial_shops, shop
Lab:      lab_hedge, nicolae_lab_flowing_pool, nicolae_lab_hexagon,
          nicolae_lab_lava, nicolae_lab_starburst
Bailey:   bailey_polearm_3, bailey

Skill      XL: |  1  2  3  4  5  6  7  8  9 10 11 12 13 14 15 |
---------------+----------------------------------------------+-----
Dodging        | 2 3 5 7 8 9 |  9.2
Stealth        | 2 |  2.7
Conjurations   | 2 3 4 5 7 8 9 |  9.4
Fire Magic     | 4 5 6 |  6.9
Fighting       | 1 2 3 5 6 8 9 |  9.9
Shields        | 2 4 |  4.1
Necromancy     | 3 5 6 8 9 10 11 | 11.8
Evocations     | 1 2 |  2.0
Maces & Flails | 3 4 |  4.3
Poison Magic   | 2 5 8 9 |  9.6
Long Blades    | 3 5 7 8 10 11 | 11.5
Spellcasting   | 3 5 7 8 9 |  9.7

Action                   |  1- 3 |  4- 6 |  7- 9 | 10-12 | 13-15 || total
-------------------------+-------+-------+-------+-------+-------++-------
Melee: Dagger            |    68 |     3 |   125 |       |       ||   196
       Tailslap          |     6 |       |    51 |    39 |   117 ||   213
       Mace              |       |       |   286 |       |       ||   286
       Whip              |       |       |   197 |    60 |       ||   257
       Flail             |       |       |     5 |       |       ||     5
       Long sword        |       |       |       |   321 |   337 ||   658
       Double sword      |       |       |       |       |   445 ||   445
       Great sword       |       |       |       |       |    67 ||    67
       Demon blade       |       |       |       |       |    11 ||    11
 Fire: Hunting sling     |    13 |   149 |     9 |       |       ||   171
 Cast: Flame Tongue      |    45 |    74 |    93 |    30 |     5 ||   247
       Throw Flame       |       |    11 |    23 |    49 |    28 ||   111
       Conjure Flame     |       |     1 |     1 |     4 |    12 ||    18
       Sticky Flame      |       |       |    13 |    35 |    44 ||    92
       Animate Skeleton  |       |       |    10 |    29 |    76 ||   115
       Poisonous Vapours |       |       |       |    24 |    15 ||    39
       Olgreb's Toxic Ra |       |       |       |     9 |     8 ||    17
       Bolt of Draining  |       |       |       |    15 |    50 ||    65
       Death Channel     |       |       |       |       |     6 ||     6
Invok: Receive Corpses   |       |       |       |       |     1 ||     1
 Abil: Breathe Noxious F |       |       |    19 |    10 |    33 ||    62
       Evoke Flight      |       |       |       |       |     1 ||     1
Evoke: Wand              |       |     1 |       |     6 |     8 ||    15
  Use: Scroll            |       |     6 |    10 |    14 |    18 ||    48
       Potion            |       |     1 |     3 |     5 |     7 ||    16
 Stab: Sleeping          |     1 |       |     3 |     3 |     3 ||    10
       Confused          |       |       |     4 |       |    13 ||    17
       Distracted        |       |       |     2 |     1 |    11 ||    14
       Paralysed         |       |       |       |       |     3 ||     3
       Invisible         |       |       |       |       |     1 ||     1
  Eat: Chunk             |     4 |    10 |    11 |    12 |    26 ||    63
       Meat ration       |       |     1 |     3 |     5 |     5 ||    14
       Royal jelly       |       |     1 |     2 |     1 |       ||     4
       Bread ration      |       |       |       |       |     2 ||     2
Armor: Skin              |    47 |    21 |   230 |   116 |   302 ||   716
Dodge: Dodged            |    95 |    61 |   400 |   244 |   779 ||  1579
Block: Buckler           |       |       |   176 |   120 |   319 ||   615
       Rpst.: Long sword |       |       |       |    50 |    72 ||   122
       Double sword      |       |       |       |       |    88 ||    88
       Great sword       |       |       |       |       |    19 ||    19
       Demon blade       |       |       |       |       |     4 ||     4
